Workbook
Name 常温: Sheet2!$B$2:$B$11
Name 冷蔵: Sheet2!$C$2:$C$5
Name 冷凍: Sheet2!$D$2:$D$5

Sheet 追加提案書
B2: 第６号様式（第１１条関係）
B3: 戸田市ふるさと納税返礼品追加提案書
L5: 申込日 | P5: 年 | R5: 月 | T5: 日
B6: （宛先）
B7: 戸田市長
A10: 戸田市ふるさと納税返礼品等協力事業者募集要領第１１条の規定に基づき、下記のとおり返礼品等の追加提案をします。
B11: 記
A13: 申込事業者（企業）名
A14: 本社・本店所在地 | H14: 〒 | L14: －
A17: 連絡先住所 （本社・本店所在地と異なる場合のみ記入） | H17: 〒 | L17: －
A20: 事業者情報 | H20: 事業者ホームページ
H21: HPアドレス | K21: （ | U21: ）
A22: 事業者業種･業務内容
A23: 代表者 職名・氏名 | H23: 職名 | O23: 氏名
A24: 担当者 所属・氏名 | H24: 所属 | O24: 氏名
A25: 電話番号
A26: FAX番号
A27: メールアドレス
B29: 【添付書類】・「別紙１」又は「別紙１と同内容の書類」
B30: ・「別紙１」地場産品基準において③に該当する場合は、「工程表（別紙２－１）」及び「証明書（別紙 ２－２）」も併せて提出
B32: ※ 添付書類は返礼品ごとに作成してください。

Sheet 別紙1
B1: 別紙１
B3: 商品（セット）名 | C3: ふりがな
B5: 商品の内容（単品の場合は容量、セット品の場合は内訳、役務の場合は所要時間等）
B6: 商品の価格（梱包費・消費税及び地方消費税額を含む。） | J6: 円
C7: ※寄附金額とは異なります。 寄附金額は、商品の価格を基に市で設定させていただきます。
B8: 販売・発送可能時期 （該当する□に✓） | D8: 通年
D9: 期間限定（ | G9: 月～ | I9: 月限定）
D10: 個数限定（ | G10: 個限定）
B11: 提供可能数 | J11: 個
B12: 賞味期限（消費期限） | F12: より
B13: 発送方法
B14: 梱包サイズ
B15: 発送日数 (※数字のみ入力) | C15: 申込日より約 | H15: 日で発送
B16: 商品（セット）の説明 ※商品へのこだわりや、アピールポイント等について 記入してください。
C17: =IF(LEFT($C$18,1)="④","※上記に戸田市との関連性や独自性を詳細に記入してください。","")
B18: 地場産品基準（右のリストから選択）
B19: 証明書提出の確認欄 | C19: =IF(LEFT(C18,1)="③","※別シートにある「工程表」も入力してください。","")
B20: ②原材料名
B21: ②原材料全体のうち上記原材料が占める割合（％）
B22: ⑤その他の詳細
B23: アレルギー品目（特定原材料8品目）で（該当する□に✓）
B24: アレルギー品目（特定原材料に準ずるもの20品目）で（該当する□に✓）
B25: その他
B26: ※返礼品等の画像、パンフレット等を併せて提出してください。

Sheet Sheet2
A1: A列（発送方法） | B1: B列（常温用） | C1: C列（冷蔵用） | D1: D列（冷凍用）
A2: 常温 | B2: 60cm | C2: 60cm | D2: 60cm
A3: 冷蔵 | B3: 80cm | C3: 80cm | D3: 80cm
A4: 冷凍 | B4: 100cm | C4: 100cm | D4: 100cm
B5: 120cm | C5: 140cm | D5: 120cm
B6: 140cm
B7: 160cm
B8: 200cm
B9: 220cm
B10: 240cm
B11: 260cm

Sheet Sheet1
A1: 項目名 | B1: 事業者入力欄（★の箇所にご入力・ご選択ください）
A2: 1. 基本情報 | B2: 商品（セット）名 | C2: ★
B3: ふりがな | C3: ★
B4: 商品の内容 | C4: ★
C5: (単品の場合は容量、セット品の場合は内訳、役務の場合は所要時間 等)
B6: 商品の価格（税込） | C6: ★ 円
C7: (※寄附金額とは異なります。市で設定します)
A8: 2. 販売・発送等 | B8: 販売・発送可能時期 | C8: 【 】通年
C9: 【 】期間限定（ ★ 月 ～ ★ 月 限定）
C10: 【 】個数限定（ ★ 個 限定）
C11: (※該当する【 】に「〇」または「■」を入力)
B12: 提供可能数（1日あたり） | C12: ★ 個 ・ 制限なし
B13: 賞味期限（消費期限） | C13: ★
B14: 発送までの日数 | C14: 申込から約 ★ 日
B15: 発送方法 | C15: 【 】常温 【 】冷蔵 【 】冷凍
B16: 梱包サイズ | C16: 【 】60cm 【 】80cm 【 】100cm 【 】120cm
C17: 【 】140cm 【 】160cm 【 】200cm
A18: 3. 商品ＰＲ | B18: 商品（セット）の説明 | C18: ★
C19: (※商品へのこだわりや、アピールポイント等をご記入ください)
A20: 4. 地場産品基準 | B20: 【 】① | C20: 市内で生産された農産物等
A21: (※該当するもの１つにチェック)
B22: 【 】② | C22: 市内で原材料の主要な部分が生産されたもの
C23: ・原材料名：（ ★ ）
C24: ・原材料全体のうち上記が占める割合：（ ★ ％）
B25: 【 】③ | C25: 市内で製造、加工、企画等のうち主要な部分を行っているもの
C26: ・商品製造場所：（ ★ ）
C27: ・商品製造事業者名：（ ★ ）
C28: (※③に該当する場合、「工程表」および「証明書」を併せて提出)
B29: 【 】④ | C29: 市内で提供される役務（サービス）
B30: 【 】⑤ | C30: その他：（ ★ ）
A31: 5. アレルギー情報 | B31: 特定原材料 | C31: 【 】卵 【 】乳成分 【 】小麦 【 】そば
A32: (※該当するもの全てにチェック) | B32: （8品目） | C32: 【 】落花生(ピーナッツ) 【 】えび 【 】かに 【 】くるみ
B33: 特定原材料に準ずるもの | C33: 【 】さけ 【 】さば 【 】あわび 【 】いか 【 】いくら
B34: （20品目） | C34: 【 】牛肉 【 】豚肉 【 】鶏肉 【 】ゼラチン
C35: 【 】アーモンド 【 】カシューナッツ 【 】大豆 【 】ごま
C36: 【 】やまいも 【 】オレンジ 【 】キウイフルーツ
C37: 【 】バナナ 【 】もも 【 】りんご 【 】マカダミアナッツ
A38: 6. その他 | B38: 連絡事項など | C38: ★
A39: 7. 添付書類 | B39: 画像・パンフレット等 | C39: ※本シートと併せて、商品の画像データやパンフレット等を必ずご提出ください。

Sheet 別紙2-1 工程表
A1: 別紙２－１ | C1: 工程表
A3: 黄色のセルにご記入ください。 ※付加価値が50％超でないと、返礼品として登録ができません。
A4: 返礼品名 | B4: =別紙1!D4&""
A5: 戸田市内で生じた付加価値 | B5: =IF(D33<>0,D31/D33,"") | C5: B 戸田市外で生じた付加価値 | D5: =SUMIF(C19:C30,"<>戸田市内",D19:D30) -> 0 | E5: 円 | F5: =IF(B5<=50%,"返礼品要件を満たしていません","")
A7: 項目名 | B7: 記入欄 | C7: 注意点
A8: 事業者名 | B8: =追加提案書!H13&"" | C8: 事業者名を入力（※入力不要）
A9: 担当者名 | B9: =追加提案書!P24&"" | C9: 担当者を入力（※入力不要）
A10: 連絡先 | B10: =追加提案書!H25&"" | C10: 連絡先を入力(※入力不要）
A11: ★算出方法 | C11: 基本的には「総務大臣が定める標準的な算出方法」を選択
A12: ※算出方法の詳細 | C12: ★算出方法にて、その他の算出方法を選択した場合のみ記入
A13: ※その理由 | C13: ★算出方法にて、その他の算出方法を選択した場合のみ記入
A14: 返礼品の製造・加工が行われた場所 | C14: 市内の場合：「埼玉県戸田市」 【※下記は企画立案で申請の場合】 市外（国内）の場合：都道府県・市区町村名 （例：〇〇県〇〇市） 国外の場合：国名 （例：〇〇国）
A15: 製造事業者名 | C15: ※申請者と製造事業者が異なる場合（外部委託など）は、実際の製造事業者名をご記入ください。
A16: 一般販売価格(税込) | C16: 普段、一般消費者向けに販売している通常価格をご記入ください。 ※市場に出回っていない非売品や、ふるさと納税オリジナルのセット品などの場合は、同等品の価格をご記入ください。
A18: 製造工程 | B18: 作業内容 | C18: 市内 or 市外 | D18: 工程から生じる 価格（税込） | F18: 割合
A19: 戸田市産の原材料(記入必須) | E19: 円 | F19: =IFERROR(D19/$D$33,"")
A20: 戸田市外産の原材料(記入必須) | E20: 円 | F20: =IFERROR(D20/$D$33,"")
A21: 企画・開発 | E21: 円 | F21: =IFERROR(D21/$D$33,"")
A22: 試作 | E22: 円 | F22: =IFERROR(D22/$D$33,"")
A23: 調理 | E23: 円 | F23: =IFERROR(D23/$D$33,"")
A24: 製造 | E24: 円 | F24: =IFERROR(D24/$D$33,"")
A25: 製作 | E25: 円 | F25: =IFERROR(D25/$D$33,"")
A26: 組立 | E26: 円 | F26: =IFERROR(D26/$D$33,"")
A27: 品質検査 | E27: 円 | F27: =IFERROR(D27/$D$33,"")
A28: 検品 | E28: 円 | F28: =IFERROR(D28/$D$33,"")
A29: 梱包 | E29: 円 | F29: =IFERROR(D29/$D$33,"")
A30: その他 | E30: 円 | F30: =IFERROR(D30/$D$33,"")
C31: 戸田市内 | D31: =SUMIF(C19:C30,C31,D19:D30) -> 0 | F31: （入力不要）
C32: 戸田市外 | D32: =SUMIF(C19:C30,C32,D19:D30) -> 0 | F32: （入力不要）
D33: =SUM(D19:D30) -> 0 | E33: 円 | F33: =IFERROR(D33/$D$33,"")

Sheet 【記入例】製造・加工
A1: 記入例
A2: 工程表
A3: 黄色のセルにご記入ください。 ※付加価値が50％超でないと、返礼品として登録ができません。
A4: 返礼品名 | B4: 菓子パン×10個
A5: 戸田市内で生じた付加価値 | B5: =IF(D35<>0,D33/D35,"") -> 0.53846154 | C5: B 戸田市外で生じた付加価値 | D5: =SUMIF(C21:C32,"<>戸田市内",D21:D32) -> 1200 | E5: 円
A7: 項目名 | B7: 記入欄 | C7: 注意点
A8: 事業者名 | B8: ●●商店 | C8: 事業者名を入力（※入力不要）
A9: 担当者名 | B9: 戸田 花子 | C9: 担当者を入力（※入力不要）
A10: 連絡先 | B10: 048-446-○○○○ | C10: 連絡先を入力（※入力不要）
A11: 返礼品の製造・加工が行われた場所 | B11: 埼玉県戸田市 | C11: 市内の場合：「埼玉県戸田市」 【※下記は企画立案で申請の場合】 市外（国内）の場合：都道府県・市区町村名 （例：〇〇県〇〇市） 国外の場合：国名 （例：〇〇国）
A12: 製造事業者名 | B12: 総務大臣が定める標準的な算出方法 | C12: 基本的には「総務大臣が定める標準的な算出方法」を選択
A13: 一般販売価格(税込) | C13: 工程表【記入用】に記入すると自動で入力されます
A14: Bの費用 | C14: 工程表【記入用】に記入すると自動で入力されます
A15: ※算出方法の詳細 | C15: ★算出方法にて、その他の算出方法を選択した場合のみ記入
A16: ※その理由 | C16: ★算出方法にて、その他の算出方法を選択した場合のみ記入
A17: 製造事業者名 | C17: ※申請者と製造事業者が異なる場合（外部委託など）は、実際の製造事業者名をご記入ください。
A18: 一般販売価格(税込) | B18: 3000 | C18: 普段、一般消費者向けに販売している通常価格をご記入ください。 ※市場に出回っていない非売品や、ふるさと納税オリジナルのセット品などの場合は、同等品の価格をご記入ください。
A20: 製造工程 | B20: 作業内容 | C20: 市内 or 市外 | D20: 工程から生じる 価格（税込） | F20: 割合
A21: 戸田市産の原材料(記入必須) | B21: ・ソースの原材料：□□ | C21: 戸田市内 | D21: 500 | E21: 円 | F21: =IFERROR(D21/$D$35,"") -> 0.19230769
A22: 戸田市外産の原材料(記入必須) | B22: ・小麦粉 ・バター ・ソースの原材料：△△ | C22: 戸田市外 | D22: 500 | E22: 円 | F22: =IFERROR(D22/$D$35,"") -> 0.19230769
A23: 企画・開発 | E23: 円 | F23: =IFERROR(D23/$D$35,"") -> 0
A24: 試作 | E24: 円 | F24: =IFERROR(D24/$D$35,"") -> 0
A25: 調理 | B25: ・小麦粉からの生地へ ・調味 ・成形 ・焼き上げ | C25: 戸田市外 | D25: 700 | E25: 円 | F25: =IFERROR(D25/$D$35,"") -> 0.26923077
A26: 製造 | E26: 円 | F26: =IFERROR(D26/$D$35,"") -> 0
A27: 製作 | E27: 円 | F27: =IFERROR(D27/$D$35,"") -> 0
A28: 組立 | E28: 円 | F28: =IFERROR(D28/$D$35,"") -> 0
A29: 品質検査 | E29: 円 | F29: =IFERROR(D29/$D$35,"") -> 0
A30: 検品 | E30: 円 | F30: =IFERROR(D30/$D$35,"") -> 0
A31: 梱包 | B31: 店舗で包装 | C31: 戸田市内 | D31: 200 | E31: 円 | F31: =IFERROR(D31/$D$35,"") -> 0.076923077
A32: その他 | B32: 人件費、利益、販売にかかる手数料等 | C32: 戸田市内 | D32: 700 | E32: 円 | F32: =IFERROR(D32/$D$35,"") -> 0.26923077
C33: 戸田市内 | D33: =SUMIF(C21:C32,C33,D21:D32) -> 1400
C34: 戸田市外 | D34: =SUMIF(C21:C32,C34,D21:D32) -> 1200
D35: =SUM(D21:D32) -> 2600 | E35: 円 | F35: =IFERROR(D35/$D$35,"") -> 1

Sheet 【記入例】企画立案 
A1: 記入例
A2: 工程表
A3: 黄色のセルにご記入ください。 ※付加価値が50％超でないと、返礼品として登録ができません。
A4: 返礼品名 | B4: 戸田市オリジナルデザインTシャツ×1枚
A5: 戸田市内で生じた付加価値 | B5: =IF(D35<>0,D33/D35,"") -> 0.66666667 | C5: B 戸田市外で生じた付加価値 | D5: =SUMIF(C21:C32,"<>戸田市内",D21:D32) -> 1000 | E5: 円
A7: 項目名 | B7: 記入欄 | C7: 注意点
A8: 事業者名 | B8: ●●企画 | C8: 事業者名を入力（※入力不要）
A9: 担当者名 | B9: 戸田 太郎 | C9: 担当者を入力（※入力不要）
A10: 連絡先 | B10: 048-446-○○○○ | C10: 連絡先を入力（※入力不要）
A11: 返礼品の製造・加工が行われた場所 | B11: 埼玉県三郷市 | C11: 市内の場合：「埼玉県戸田市」 市外（国内）の場合：都道府県・市区町村名 （例：〇〇県〇〇市） 国外の場合：国名 （例：〇〇国）
A12: 製造事業者名 | B12: 総務大臣が定める標準的な算出方法 | C12: 基本的には「総務大臣が定める標準的な算出方法」を選択
A13: 一般販売価格(税込) | C13: 工程表【記入用】に記入すると自動で入力されます
A14: Bの費用 | C14: 工程表【記入用】に記入すると自動で入力されます
A15: ※算出方法の詳細 | C15: ★算出方法にて、その他の算出方法を選択した場合のみ記入
A16: ※その理由 | C16: ★算出方法にて、その他の算出方法を選択した場合のみ記入
A17: 製造事業者名 | B17: 株式会社△△ファクトリー | C17: ※申請者と製造事業者が異なる場合（外部委託など）は、実際の製造事業者名をご記入ください。
A18: 一般販売価格(税込) | B18: 3000 | C18: 普段、一般消費者向けに販売している通常価格をご記入ください。 ※市場に出回っていない非売品や、ふるさと納税オリジナルのセット品などの場合は、同等品の価格をご記入ください。
A20: 製造工程 | B20: 作業内容 | C20: 市内 or 市外 | D20: 工程から生じる 価格（税込） | F20: 割合
A21: 戸田市産の原材料(記入必須) | E21: 円 | F21: =IFERROR(D21/$D$35,"") -> 0
A22: 戸田市外産の原材料(記入必須) | B22: ・無地Tシャツ生地 ・プリントインク | C22: 戸田市外 | D22: 500 | E22: 円 | F22: =IFERROR(D22/$D$35,"") -> 0.16666667
A23: 企画・開発 | B23: ・商品コンセプト策定 ・オリジナルデザインの制作 ・仕様および素材の選定 | C23: 戸田市内 | D23: 1500 | E23: 円 | F23: =IFERROR(D23/$D$35,"") -> 0.5
A24: 試作 | E24: 円 | F24: =IFERROR(D24/$D$35,"") -> 0
A25: 調理 | E25: 円 | F25: =IFERROR(D25/$D$35,"") -> 0
A26: 製造 | B26: 生地へのプリント加工 | C26: 戸田市外 | D26: 500 | E26: 円 | F26: =IFERROR(D26/$D$35,"") -> 0.16666667
A27: 製作 | E27: 円 | F27: =IFERROR(D27/$D$35,"") -> 0
A28: 組立 | E28: 円 | F28: =IFERROR(D28/$D$35,"") -> 0
A29: 品質検査 | E29: 円 | F29: =IFERROR(D29/$D$35,"") -> 0
A30: 検品 | B30: 仕上がり確認 | C30: 戸田市内 | D30: 100 | E30: 円 | F30: =IFERROR(D30/$D$35,"") -> 0.033333333
A31: 梱包 | B31: 専用箱への梱包 | C31: 戸田市内 | D31: 100 | E31: 円 | F31: =IFERROR(D31/$D$35,"") -> 0.033333333
A32: その他 | B32: 人件費、利益、販売にかかる手数料等 | C32: 戸田市内 | D32: 300 | E32: 円 | F32: =IFERROR(D32/$D$35,"") -> 0.1
C33: 戸田市内 | D33: =SUMIF(C21:C32,C33,D21:D32) -> 2000
C34: 戸田市外 | D34: =SUMIF(C21:C32,C34,D21:D32) -> 1000
D35: =SUM(D21:D32) -> 3000 | E35: 円 | F35: =IFERROR(D35/$D$35,"") -> 1

Sheet 別紙2-2 証明書
A1: 別紙２－２
B3: 戸田市長殿
G4: =IF(追加提案書!H13="","",追加提案書!H13)
B6: =別紙1!D4&""
B7: については、戸田市の区域内における工程により、当該返礼品等の価値の
B8: =IF('別紙2-1 工程表'!B5="","",'別紙2-1 工程表'!B5) | C8: が生じていることを証明します。
B9: 上記については、以下の算出方法（該当する算出方法に☑）により算出しています。
B11: ☑ | C11: 総務大臣が定める標準的な算出方法
C12: ※標準的な算出方法における算出基礎は以下のとおり。
C13: A：当該地方団体による返礼品等の調達費用 | I13: =IF('別紙2-1 工程表'!D33="","",'別紙2-1 工程表'!D33) -> 0 | J13: 円
C14: B：当該返礼品等の製造・販売等のために当該地方団体の区域外で生じた費用
I15: =IF('別紙2-1 工程表'!D5="","",'別紙2-1 工程表'!D5) -> 0 | J15: 円
B17: □ | C17: その他の算出方法
C18: ※その他の算出方法とする理由及びその算出方法の詳細は以下のとおり。
B23: また、当該返礼品の製造・加工地※１は | F23: =IF('別紙2-1 工程表'!B14="","",'別紙2-1 工程表'!B14) | I23: であり、
B24: 一般販売価格は | D24: =IF('別紙2-1 工程表'!B16="","",'別紙2-1 工程表'!B16) | E24: 円です※２。
B26: なお、当該返礼品等を取り扱うに当たって、下記の事項に同意します。 ・ 当該返礼品等については、以下に掲げる場合を除き、他の地方団体の地場産品 基準（平成31年総務省告示第179号第６条をいう。以下同じ。）第３号の返礼品 等として取り扱わないこと。 ① 貴市区町村の属する都道府県（貴団体が都道府県である場合には貴都道府 県内の市区町村）が地場産品基準第３号に適合するものとして当該返礼品等 を取り扱う場合 ② 地場産品基準第８号イ又はロの返礼品等（同基準第３号に適合する場合に限 る。）として他の地方団体が取り扱う場合 ・ 当該返礼品等の付加価値の算出方法等について、地方団体の求めに応じ、必要 な説明や資料提供等を行うこと。
B38: 記載要領 ※１ 返礼品等の製造・加工がおこなわれた場所について、国内の場合は都道府県名及 び市区町村名（例：○○県○○市）、国外の場合は国名を記載すること。 ※２ 当該返礼品等を一般消費者に対して販売する際の通常の価格を記載すること。 なお、当該返礼品等が非売品である場合には、当該返礼品等の類似製品に係る 通常の価格を記載すること。
